 Dungeon Crawl Stone Soup version 0.20.1-1-g8b1a95d (console) character file.

177 rafael the Gusty (level 5, 0/31 HPs)
             Began as a Halfling Air Elementalist on July 7, 2017.
             Was an Initiate of Makhleb.
             Succumbed to a scorpion's poison
             ... on level 4 of the Dungeon.
             The game lasted 00:09:03 (2248 turns).

rafael the Gusty (Halfling Air Elementalist)        Turns: 2248, Time: 00:09:04

Health: 0/31       AC:  3    Str:  9    XL:     5   Next: 87%
Magic:  0/7        EV: 16    Int: 14    God:    Makhleb [......]
Gold:   113        SH:  0    Dex: 15    Spells: 4/7 levels left

rFire    . . .     SeeInvis .   a - +1 trident (pierce)
rCold    . . .     Gourm    +   (shield currently unavailable)
rNeg     . . .     Faith    .   v - +0 robe
rPois    .         Spirit   .   (no helmet)
rElec    .         Reflect  .   (no cloak)
rCorr    .         Harm     .   o - +0 pair of gloves
MR       .....                  (no boots)
Stlth    +++.......             d - amulet of the gourmand
Regen    0.1/turn               (no ring)
MPRegen  0.1/turn               (no ring)

@: lethally poisoned (0 -> -5), very slightly contaminated, invisible
A: mutation resistance 1
a: Renounce Religion


You were on level 4 of the Dungeon.
You worshipped Makhleb.
Makhleb was noncommittal.
You were not hungry.

You visited 1 branch of the dungeon, and saw 4 of its levels.

You collected 230 gold pieces.
You spent 117 gold pieces at shops.

Inventory:

Hand Weapons
 a - a +1 trident of piercing (weapon)
 g - a +0 morningstar
Missiles
 l - 20 poisoned needles
 s - 3 needles of sleeping
Armour
 i - a +0 buckler
 o - a +0 pair of gloves (worn)
 v - a +0 robe (worn)
Jewellery
 d - an amulet of the gourmand (around neck)
 e - an uncursed ring of teleportation
Wands
 h - a wand of random effects (26/48)
Scrolls
 m - a scroll of blinking
 u - a scroll of immolation
Potions
 k - a potion of brilliance {unknown}
 n - a potion of experience {unknown}
 p - a potion of flight {unknown}
 q - a potion of invisibility
 r - a potion of resistance {unknown}
 t - a potion of magic {unknown}
 w - a potion of lignification {unknown}
Books
 b - a book of Air

   Spells                             Type                      Level
   a - Shock                          Conjuration/Air              1
   b - Swiftness                      Charms/Air                   2
   c - Static Discharge               Conjuration/Air              3
   d - Airstrike                      Air                          4
   e - Lightning Bolt                 Conjuration/Air              5
Comestibles
 c - 8 bread rations
 f - 2 royal jellies
 j - 2 meat rations


   Skills:
 + Level 3.6 Dodging
 + Level 3.9 Stealth
 - Level 1.5 Spellcasting
 - Level 0.7 Conjurations
 * Level 4.6 Air Magic


You had 4 spell levels left.
You knew the following spells:

 Your Spells              Type           Power        Failure   Level  Hunger
a - Shock                 Conj/Air       #...         9%          1    ##.....
b - Swiftness             Chrm/Air       #.......     14%         2    ###....


Dungeon Overview and Level Annotations

Branches:
Dungeon (4/15)
 Temple: D:4-7

Altars:
Elyvilon
Makhleb
Okawaru
Ru
Xom
The Shining One

Shops:
D:4 (


Innate Abilities, Weirdness & Mutations

You are small and have problems with some larger weapons.
You are somewhat resistant to further mutation.


Message History

You barely miss the scorpion.
The scorpion is almost dead.
The scorpion stings you.
You barely miss the scorpion.
The scorpion is almost dead.
The scorpion stings you!
You are poisoned.
The scorpion poisons you! The scorpion stings you.
You feel sick.
You feel sick.
Casting: Shock
Confirm with . or Enter, or press ? or * to list all spells.
Aiming: Shock
Press: ? - help, Shift-Dir - straight line, f/p - scorpion
Aim: a scorpion (almost dead)
The zap misses the scorpion. x2; The scorpion stings you!
* * * LOW HITPOINT WARNING * * *
It was a potion of invisibility.
You fade into invisibility!
You die...

###........
.#
#......####
.. #.######
## #.# #
#.# # #.#
#######.##
# #.#
#.)..s....
#.#
#.#####.##
#@# #.# #s#
#.# #.###<#
#.....#
#######


You could see a scorpion.

Vanquished Creatures
  A jelly (D:3)
  2 worker ants (D:4)
  4 adders
  An ooze (D:2)
  2 dart slugs
  A leopard gecko (D:3)
  An orc (D:3)
  9 bats
  3 giant cockroaches
  6 goblins
  7 hobgoblins
  An iguana (D:3)
  3 jackals (D:4)
  2 ball pythons
  2 frilled lizards (D:2)
  2 kobolds
  4 rats
51 creatures vanquished.

Notes
Turn   | Place    | Note
-------+----------+-------------------------------------------
     0 | D:1      | rafael the Halfling Air Elementalist began the quest for the Orb.
     0 | D:1      | Reached XP level 1. HP: 11/11 MP: 3/3
   358 | D:1      | Reached XP level 2. HP: 15/17 MP: 0/4
   645 | D:2      | Reached XP level 3. HP: 16/21 MP: 1/5
   676 | D:2      | Found a sacrificial altar of Ru.
   678 | D:2      | Found a glowing golden altar of the Shining One.
   682 | D:2      | Found a burning altar of Makhleb.
   697 | D:2      | Found a white marble altar of Elyvilon.
   702 | D:2      | Became a worshipper of Makhleb the Destroyer
   765 | D:2      | Found an iron altar of Okawaru.
  1048 | D:3      | Reached XP level 4. HP: 16/27 MP: 1/6
  1273 | D:3      | Learned a level 2 spell: Swiftness
  1336 | D:3      | Reached skill level 4 in Air Magic
  1478 | D:3      | Found a shimmering altar of Xom.
  1579 | D:3      | Reached XP level 5. HP: 31/31 MP: 2/7
  1985 | D:4      | Found Qemizoed's Antique Weapon Boutique.
  2039 | D:4      | Bought a glowing trident for 117 gold pieces
  2247 | D:4      | HP: 1/31 [scorpion (9)]
  2248 | D:4      | Succumbed to a scorpion's poison

Skill      XL: |  1  2  3  4 |
---------------+-------------+-----
Stealth        | 3 |  3.9
Dodging        | 3 |  3.6
Air Magic      | 4 |  4.6
Spellcasting   | |  1.5
Conjurations   | |  0.7

Action                   |  1- 3 |  4- 6 || total
-------------------------+-------+-------++-------
Melee: Unarmed           |    23 |       ||    23
       Morningstar       |    17 |    22 ||    39
       Trident           |       |     2 ||     2
 Cast: Shock             |    36 |    57 ||    93
  Use: Scroll            |     5 |     2 ||     7
       Potion            |       |     1 ||     1
 Stab: Sleeping          |     1 |     3 ||     4
  Eat: Chunk             |     1 |     6 ||     7
Armor: Robe              |    23 |    10 ||    33
Dodge: Dodged            |    88 |    40 ||   128
